 Dungeon Crawl Stone Soup version 0.23-a0-703-gdf2d5e0dd9 (webtiles) character file.

17884 Morbidden the Protected (level 12, -4/95 HPs)
             Began as a Demonspawn Monk on Jan 11, 2019.
             Was a High Priest of Cheibriados.
             Slain by a spiny frog (7 damage)
             ... on level 3 of the Lair of Beasts on Jan 13, 2019.
             The game lasted 00:41:29 (12773 turns).

Morbidden the Protected (Demonspawn Monk)          Turns: 12773, Time: 00:41:29

Health: -4/95      AC: 19    Str: 28    XL:     12   Next: 22%
Magic:  17/17      EV: 11    Int: 25    God:    Cheibriados [*****.]
Gold:   579        SH: 16    Dex: 30    Spells: 14/15 levels left

rFire    . . .     SeeInvis .   b - +1 scimitar (flame)
rCold    . . .     Gourm    .   d - +2 shield
rNeg     . . .     Faith    .   e - +0 plate armour
rPois    +         Spirit   .   (no helmet)
rElec    .         Reflect  .   B - +1 cloak
rCorr    .         Harm     .   (no gloves)
MR       .....                  (no boots)
Stlth    ..........             x - amulet of regeneration
HPRegen  0.65/turn              D - ring of poison resistance
MPRegen  0.15/turn              o - +1 ring of protection

@: lethally poisoned (-4 -> -4), very slow
A: hooves 1, rugged brown scales 2, demonic guardian 1, spiny 1
a: Bend Time, Temporal Distortion, Slouch, Step From Time, Renounce Religion


You were on level 3 of the Lair of Beasts.
You worshipped Cheibriados.
Cheibriados was extremely pleased with you.
You were hungry.

You visited 3 branches of the dungeon, and saw 15 of its levels.

You collected 579 gold pieces.

Inventory:

Hand Weapons
 a - a +1 dagger of venom
 b - a +1 scimitar of flaming (weapon)
 w - a +3 dagger
Missiles
 E - 8 javelins (quivered)
Armour
 d - a +2 shield (worn)
 e - a +0 plate armour (worn)
 B - a +1 cloak (worn)
Jewellery
 m - an uncursed ring of see invisible
 o - a +1 ring of protection (right hand)
 x - an amulet of regeneration (around neck)
 D - a ring of poison resistance (left hand)
 G - an uncursed ring of fire
Wands
 y - a wand of enslavement (3)
 F - a wand of acid (6)
 I - a wand of polymorph (9)
 K - a wand of disintegration (14)
Scrolls
 f - 2 scrolls of enchant weapon
 h - 3 scrolls of enchant armour
 i - 2 scrolls of identify
 l - a scroll of summoning {unknown}
 n - 3 scrolls of amnesia
 r - 3 scrolls of remove curse
 v - 8 scrolls of teleportation
 A - 2 scrolls of magic mapping
 J - a scroll of fear
Potions
 g - a potion of berserk rage
 j - a potion of heal wounds
 k - 3 potions of ambrosia
 p - a potion of haste
 q - 5 potions of flight
 s - a potion of cancellation {unknown}
 t - a potion of magic {unknown}
 u - 3 potions of mutation
 z - a potion of lignification
 C - 2 potions of might
 H - 4 potions of curing
Comestibles
 c - 30 rations
 L - 4 chunks of flesh


   Skills:
 + Level 7.3 Fighting
 + Level 6.4(8.3) Short Blades
 * Level 8.1(9.2) Long Blades
 + Level 8.5 Armour
 + Level 5.7 Dodging
 + Level 4.2 Stealth
 + Level 7.8 Shields
 * Level 2.3 Spellcasting
 * Level 2.4 Hexes
 * Level 7.0 Invocations
 + Level 0.3 Evocations


You had 14 spell levels left.
You knew the following spells:

 Your Spells              Type           Power        Failure   Level  Hunger
a - Confusing Touch       Hex            ###...       65%         1    None

Your spell library contained the following spells:

 Spells                   Type           Power        Failure   Level  Hunger
 Animate Skeleton         Necr           N/A          94%         1    None
 Summon Small Mammal      Summ           #...         94%         1    None
 Confuse                  Hex            ###.....     95%         3    ###....
 Call Imp                 Summ           #.......     98%         2    ##.....
 Corpse Rot               Necr           N/A          98%         2    ##.....
 Poisonous Vapours        Pois/Air       #.....       98%         2    ##.....
 Sublimation of Blood     Necr           #.........   98%         2    ##.....
 Summon Guardian Golem    Hex/Summ       #.......     99%         3    ###....
 Call Canine Familiar     Summ           #.......     100%        3    ###....
 Conjure Flame            Conj/Fire      #.......     100%        3    ###....
 Gell's Gravitas          Tloc           #.........   100%        3    ###....
 Mephitic Cloud           Conj/Pois/Air  #.......     100%        3    ###....
 Animate Dead             Necr           N/A          100%        4    ####...
 Petrify                  Tmut/Erth      #.......     100%        4    ####...
 Summon Ice Beast         Ice/Summ       #.......     100%        4    ####...
 Summon Lightning Spire   Summ/Air       #.......     100%        4    ####...
 Agony                    Necr           #.......     100%        5    ######.
 Metabolic Englaciation   Hex/Ice        #.........   100%        5    ######.
 Yara's Violent Unravell  Hex/Tmut       #.........   100%        5    ######.
 Freezing Cloud           Conj/Ice/Air   #.........   100%        6    #######
 Ring of Flames           Chrm/Fire      #.........   100%        7    #######


Dungeon Overview and Level Annotations

Branches:
Dungeon (11/15)            Temple (1/1) D:4            Lair (3/6) D:11
  Snake (0/4) Lair:2
  Swamp: Lair:2-4    Shoals: Lair:2-4       Orc: D:9-12

Altars:
Ashenzari
Cheibriados
Dithmenos
Elyvilon
Fedhas
Gozag
Hepliaklqana
Kikubaaqudgha
Makhleb
Nemelex Xobeh
Okawaru
Qazlal
Ru
Sif Muna
Trog
Uskayaw
Vehumet
Wu Jian
Xom
Yredelemnul
Zin
The Shining One
Jiyva

Annotations:
D:4 3 runed doors, LLavrengius's ghost, amateur OpFi


Innate Abilities, Weirdness & Mutations

You have large cloven feet.
You are mostly covered in rugged brown scales. (AC +2, +5% HP)
A weak demonic guardian rushes to your aid.
You are partially covered in sharp spines.


Message History

You hit the spiny frog. You burn the spiny frog.
You kick the spiny frog, but do no damage.
The spiny frog is severely wounded.
The yak is struck by your spines. The yak gores you but does no damage.
You block the spiny frog's attack. You block the yak's attack.
The yak gores you but does no damage.
Your white imp hits the yak.
Your white imp freezes the yak.
You hit the spiny frog but do no damage.
You kick the spiny frog, but do no damage.
The spiny frog is severely wounded.
The spiny frog stings you!
* * * LOW HITPOINT WARNING * * *
You block the yak's attack. x2
The yak gores your white imp but does no damage.
Your white imp gestures at the yak.
The puff of frost hits the yak.
The yak dies!
Cheibriados appreciates the change of pace.
The spiny frog stings you!
You die...

##......# ##
#.......
#.##......
#.......!##
#.......P#
#<.......#
#P.)YY..#
#.)@F(>#
####..5...#
#.........#
##.......###
##........#
##..(...####
##........P#
#..........#
#.##......##


You could see 2 yaks, a spiny frog and a friendly white imp.

Vanquished Creatures
  Harold (D:7)
  A hydra (Lair:2)
  Erica (D:9)
  A two-headed ogre (D:9)
  An ugly thing (D:8)
  2 black mambas (Lair:2)
  3 elephants (Lair:2)
  A spiny frog (Lair:2)
  2 komodo dragons
  A hornet (Lair:3)
  2 trolls
  7 blink frogs (Lair:2)
  2 hippogriffs
  Sigmund (D:3)
  2 wyverns
  7 yaks
  A basilisk (Lair:2)
  Eustachio (D:4)
  A hungry ghost (D:9)
  3 vampire mosquitoes (Lair:2)
  2 insubstantial wisps (Lair:2)
  A soldier ant (D:10)
  3 porcupines
  3 water moccasins
  Duvessa (D:7)
  8 orc warriors
  2 ice beasts
  5 ogres
  2 phantoms
  3 sky beasts
  3 wolves (Lair:2)
  9 centaurs
  5 crocodiles
  Blork the orc (D:6)
  12 bullfrogs
  A gnoll sergeant (D:6)
  Dowan (D:7)
  A water moccasin skeleton (D:9)
  8 killer bees
  2 wights (D:7)
  8 howler monkeys
  8 crimson imps
  2 centaur zombies
  5 jellies
  2 bullfrog skeletons
  3 orc priests
  10 orc wizards
  Crazy Yiuf (D:3)
  3 iguanas
  Natasha (thrice) (D:3)
  6 worker ants
  A hound zombie (D:7)
  2 howler monkey zombies (D:9)
  19 gnolls
  11 adders
  3 shadow imps
  6 oozes
  3 adder zombies
  3 adder skeletons
  2 worms (D:2)
  2 dart slugs
  11 leopard geckos
  31 orcs
  2 ball pythons (D:2)
  4 giant cockroaches
  9 goblins
  7 hobgoblins
  4 jackals
  7 kobolds
  4 quokkas
  6 bats
  4 frilled lizards
  A quokka skeleton (D:9)
  6 rats
  A fungus (D:3)
  A plant (Lair:2)
315 creatures vanquished.

Vanquished Creatures (collateral kills)
  A spiny frog (Lair:1)
  3 blink frogs (Lair:2)
  3 yaks
  A vampire mosquito (Lair:2)
  An orc priest (D:9)
  An orc wizard (D:9)
  2 orcs (D:10)
12 creatures vanquished.

Vanquished Creatures (others)
  A komodo dragon (Lair:2)
  13 fungi (Lair:2)
  3 plants (Lair:2)
17 creatures vanquished.

Grand Total: 344 creatures vanquished

Notes
Turn   | Place    | Note
-------+----------+-------------------------------------------
     0 | D:1      | Morbidden the Demonspawn Monk began the quest for the Orb.
     0 | D:1      | Reached XP level 1. HP: 18/18 MP: 1/1
   284 | D:1      | Gained mutation: You are partially covered in rugged brown
                  | scales. (AC +1, +3% HP) [demonic ancestry]
   284 | D:1      | Reached XP level 2. HP: 18/24 MP: 2/2
   914 | D:2      | Reached XP level 3. HP: 29/29 MP: 3/3
  1241 | D:2      | You fall through a shaft!
  1579 | D:3      | Gained mutation: You have large cloven feet. [demonic
                  | ancestry]
  1579 | D:3      | Reached XP level 4. HP: 35/36 MP: 4/4
  1818 | D:3      | Found a sacrificial altar of Ru.
  1893 | D:3      | Noticed Natasha
  1894 | D:3      | Found a white marble altar of Elyvilon.
  1906 | D:3      | Killed Natasha
  2347 | D:3      | Noticed Sigmund
  2475 | D:3      | Noticed Natasha
  2486 | D:3      | Killed Natasha
  2486 | D:3      | Reached skill level 1 in Short Blades
  2486 | D:3      | Reached XP level 5. HP: 23/42 MP: 5/5
  2717 | D:3      | Noticed Natasha
  2728 | D:3      | Killed Natasha
  2803 | D:3      | Found a runed door.
  3125 | D:2      | Found a shadowy altar of Dithmenos.
  3414 | D:4      | Noticed Eustachio
  3696 | D:4      | Killed Eustachio
  3696 | D:4      | Gained mutation: You are mostly covered in rugged brown
                  | scales. (AC +2, +5% HP) [demonic ancestry]
  3696 | D:4      | Reached XP level 6. HP: 24/50 MP: 6/6
  4354 | D:4      | Found a staircase to the Ecumenical Temple.
  4375 | D:4      | Reached XP level 7. HP: 36/56 MP: 7/7
  4380 | D:4      | Reached skill level 1 in Armour
  4397 | Temple   | Entered the Ecumenical Temple
  4728 | D:4      | Noticed LLavrengius's ghost (amateur OpFi)
  4768 | D:4      | Found a runed gate.
  4768 | D:4      | Found a runed gate.
  4768 | D:4      | Found a runed gate.
  4853 | D:5      | Entered Level 5 of the Dungeon
  5678 | D:5      | Found an ornate altar of the Wu Jian Council.
  5754 | D:6      | Noticed Blork the orc
  5772 | D:6      | Killed Blork the orc
  5868 | D:5      | Gained mutation: You are partially covered in sharp spines.
                  | [demonic ancestry]
  5868 | D:5      | Reached XP level 8. HP: 40/64 MP: 8/8
  6123 | D:6      | Reached skill level 5 in Dodging
  6353 | D:6      | Found a glowing golden altar of the Shining One.
  6670 | D:7      | Noticed Duvessa
  6690 | D:7      | Killed Duvessa
  6690 | D:7      | Reached skill level 5 in Fighting
  6690 | D:7      | Reached skill level 5 in Armour
  6693 | D:7      | Noticed Dowan
  6716 | D:7      | Killed Dowan
  6735 | D:7      | Reached skill level 1 in Shields
  6828 | D:7      | Reached skill level 5 in Long Blades
  6828 | D:7      | Reached XP level 9. HP: 56/71 MP: 9/9
  6908 | D:7      | Noticed Harold
  6927 | D:7      | Paralysed by Harold for 2 turns
  6953 | D:7      | Killed Harold
  7662 | D:8      | Found a viscous altar of Jiyva.
  7824 | D:8      | Found a snail-covered altar of Cheibriados.
  7989 | D:8      | Became a worshipper of Cheibriados the Contemplative
  7989 | D:8      | Reached * piety under Cheibriados
  7989 | D:8      | Reached ** piety under Cheibriados
  8248 | D:3      | Noticed Crazy Yiuf
  8255 | D:3      | Killed Crazy Yiuf
  8317 | D:3      | Killed Sigmund
  8317 | D:3      | Gained mutation: A weak demonic guardian rushes to your
                  | aid. [demonic ancestry]
  8317 | D:3      | Reached XP level 10. HP: 79/79 MP: 10/10
  8509 | D:9      | Identified the Collected Works on Unholy Rites
  8524 | D:9      | Noticed a green ugly thing
  8547 | D:8      | Killed a green ugly thing
  8547 | D:8      | Reached skill level 1 in Invocations
  8663 | D:9      | Found a stormy altar of Qazlal.
  8831 | D:9      | Reached skill level 5 in Shields
  8940 | D:9      | Reached *** piety under Cheibriados
  8987 | D:9      | Noticed Erica
  9000 | D:9      | Killed Erica
  9104 | D:9      | Noticed a two-headed ogre
  9113 | D:9      | Killed a two-headed ogre
  9113 | D:9      | Reached skill level 5 in Short Blades
  9652 | D:10     | Entered Level 10 of the Dungeon
  9671 | D:10     | Reached XP level 11. HP: 72/87 MP: 14/14
  9965 | D:10     | Reached **** piety under Cheibriados
 10578 | D:11     | Got a shimmering hand axe
 10981 | D:11     | Reached skill level 5 in Invocations
 10986 | D:11     | Found a staircase to the Lair.
 11354 | Lair:1   | Entered Level 1 of the Lair of Beasts
 11721 | Lair:1   | You fall through a shaft!
 11731 | Lair:2   | Upgraded the game from 0.23-a0-690-g0a1fc62c7c to
                  | 0.23-a0-703-gdf2d5e0dd9
 11765 | Lair:2   | Noticed a seven-headed hydra
 11783 | Lair:2   | Killed a seven-headed hydra
 11792 | Lair:2   | HP: 4/87 [blink frog (9)]
 11838 | Lair:2   | Learned a level 1 spell: Confusing Touch
 11857 | Lair:2   | Reached ***** piety under Cheibriados
 11925 | Lair:2   | Reached skill level 1 in Hexes
 12015 | Lair:2   | Reached skill level 1 in Spellcasting
 12474 | Lair:2   | Found a staircase to the Snake Pit.
 12511 | Lair:2   | Reached XP level 12. HP: 95/95 MP: 16/16
 12773 | Lair:3   | HP: 3/95 [spiny frog (14)]
 12773 | Lair:3   | Slain by a spiny frog

Vault maps used:
D:1:      dpeg_arrival_boxes_within_box, minivault_14
D:2:      grunt_dithmenos_smoke
D:3:      old_standard_altar, old_standard_altar, kennysheep_boxes,
          uniq_natasha, uniq_sigmund, uniq_crazy_yiuf_cottage
D:4:      minmay_temple_entry_sparse_star, gammafunk_ghost_split, uniq_eustachio
D:5:      lemuel_round_altar, first_ration
D:6:      tso_altar, uniq_blork_the_orc
D:7:      uniq_harold, uniq_duvessa
D:8:      overflow_temple_1_default, hangedman_little_slice_of_home,
          sword_in_stone
D:9:      nicolae_qazlal_general_emergency, uniq_erica
D:11:     lair_entry_dummy
Temple:   nicolae_temple_x_marks_the_god
Lair:1:   chequers_serial_rivers_marsh, chequers_serial_rivers_small_a,
          serial_bayou_shore_b, uniq_gastronok
Lair:2:   dummy_snake_entry, pond
Lair:3:   minmay_shoals_entry_centaurs

Skill      XL: |  1  2  3  4  5  6  7  8  9 10 11 12 |
---------------+-------------------------------------+-----
Dodging        | 3 4 5 |  5.7
Long Blades    | 3 4 5 6 7 8 |  8.1
Stealth        | 2 3 4 |  4.2
Short Blades   | 1 2 3 4 5 6 |  6.4
Fighting       | 4 5 6 7 |  7.3
Armour         | 3 5 6 7 8 |  8.5
Shields        | 1 4 5 7 |  7.8
Invocations    | 4 6 7 |  7.0
Hexes          | 2 |  2.4
Spellcasting   | 1 2 |  2.3
Evocations     | |  0.3

Action                   |  1- 3 |  4- 6 |  7- 9 | 10-12 || total
-------------------------+-------+-------+-------+-------++-------
Melee: Falchion          |    34 |       |       |       ||    34
       Dagger            |    75 |   236 |   521 |   608 ||  1440
       Kick              |       |    80 |   196 |   367 ||   643
       Scimitar          |       |       |       |    33 ||    33
Throw: Javelin           |       |       |       |     1 ||     1
Evoke: Wand              |       |       |     1 |     4 ||     5
  Use: Scroll            |     2 |     2 |     7 |    11 ||    22
       Potion            |       |       |     7 |     1 ||     8
 Stab: Sleeping          |     1 |     3 |       |       ||     4
       Distracted        |       |       |       |    11 ||    11
  Eat: Chunk             |     2 |     9 |    13 |     8 ||    32
Armor: Robe              |    24 |    38 |       |       ||    62
       Scale mail        |       |    27 |    96 |       ||   123
       Plate armour      |       |       |    49 |   196 ||   245
Dodge: Dodged            |    87 |   171 |   169 |   144 ||   571
Block: Shield            |       |       |   131 |   412 ||   543
       Rpst.: Falchion   |    10 |       |       |       ||    10
       Scimitar          |       |       |       |     1 ||     1

Table legend:
 A = Non-vault XP
 B = Vault XP
 C = Vault XP percentage of total XP
 D = Non-vault monster count
 E = Vault monster count
 F = Vault count percentage of total count
                 A         B        C        D         E       F
            +---------+---------+-------+---------+---------+-------
      Total |   20596 |    4953 |  19.4 |     291 |      34 |  10.5
            +---------+---------+-------+---------+---------+-------
        D:1 |      38 |       0 |   0.0 |      20 |       0 |   0.0
        D:2 |      99 |       0 |   0.0 |      26 |       0 |   0.0
        D:3 |     119 |     301 |  71.7 |      18 |       3 |  14.3
        D:4 |     399 |     185 |  31.7 |      26 |       1 |   3.7
        D:5 |     391 |       0 |   0.0 |      20 |       0 |   0.0
        D:6 |     667 |     103 |  13.4 |      16 |       1 |   5.9
        D:7 |     680 |    1635 |  70.6 |      17 |       7 |  29.2
        D:8 |    1045 |     431 |  29.2 |      20 |      10 |  33.3
        D:9 |    3670 |     827 |  18.4 |      40 |       1 |   2.4
       D:10 |    1510 |       0 |   0.0 |      17 |       0 |   0.0
       D:11 |    1492 |       0 |   0.0 |      24 |       0 |   0.0
     Lair:1 |     837 |       0 |   0.0 |       5 |       0 |   0.0
     Lair:2 |    7653 |     963 |  11.2 |      29 |       6 |  17.1
     Lair:3 |    1996 |     508 |  20.3 |      13 |       5 |  27.8
            +---------+---------+-------+---------+---------+-------
